cohdb
Replays
Latest Replays
All Replays
Popular Replays
Top Player Replays
Match Explorer
How It Works
Community
CoH3 Stats
Reddit
Sign in to upload your games and track your stats! →
Sign in with Steam
Match 45545731
Unlisted
Match 45545731
Overview
Messages
Build Orders
End
Pioneer Squad
Selects Italian Coastal Battlegroup
Selects Coastal Reserves
Coastal Reserve
Coastal Reserve
Coastal Reserve
Coastal Reserve
Construct Infanterie Kompanie
Construct Panzergrenadier Kompanie
Medical Bunker
Pak 40 Anti-tank Gun Team
Selects Artillery Officer
251 Medium Carrier
Pak 40 Anti-tank Gun Team
Selects Coastal Wall
Medical Bunker
Selects Designate Defensive Line
Designate Defensive Line
Construct Panzer Kompanie
Selects Designated Artillery Overwatch
Stoßtruppen Squad
Panzer Officer Quarters
MG 42 Bunker
Selects Bulwark
MG 42 Bunker
Panzer IV Medium Tank
MG 42 Bunker
Hanwoomul
Six Pounder
HulkSMASH
RC40D
0
0
Comments
sign in to comment!
No comments posted yet!